% Time on Ice - KELOWNA ROCKETS
Lines # - Real PCT - Wanted PCT - Time Play
Normal Forward
1 - 39% - 38% - 21:35
2 - 27% - 37% - 14:54
3 - 22% - 24% - 12:16
4 - 12% - 1% - 6:34
Normal Defense
1 - 36% - 38% - 19:42
2 - 35% - 38% - 19:14
3 - 28% - 24% - 15:21
4 - 2% - 0% - 1:02
PP Forward
1 - 50% - 65% - 0:59
2 - 50% - 35% - 1:00
PP Defense
1 - 50% - 65% - 0:59
2 - 50% - 35% - 1:00
PK Forward
1 - 85% - 60% - 1:41
2 - 15% - 40% - 0:18
PK Defense
1 - 53% - 55% - 1:03
2 - 47% - 45% - 0:56
PK3 Forward
1 - 0% - 55%
2 - 0% - 45%
PK3 Defense
1 - 0% - 55%
2 - 0% - 45%
44 Forward
1 - 0% - 55%
2 - 0% - 45%
44 Defense
1 - 0% - 55%
2 - 0% - 45%
Last Minute Offensive  - 0:43
Last Minute Defensive  - 0:00
Total
Forward - 60:00
Defense - 60:00
% Time on Ice - SAN JOSE BRONCOS
Lines # - Real PCT - Wanted PCT - Time Play
Normal Forward
1 - 34% - 36% - 18:59
2 - 32% - 33% - 17:37
3 - 26% - 25% - 14:14
4 - 9% - 6% - 4:45
Normal Defense
1 - 39% - 40% - 21:47
2 - 34% - 35% - 18:41
3 - 27% - 25% - 15:07
4 - 0% - 0% - 0:00
PP Forward
1 - 54% - 58% - 1:04
2 - 46% - 42% - 0:55
PP Defense
1 - 46% - 58% - 0:55
2 - 54% - 42% - 1:04
PK Forward
1 - 49% - 50% - 0:58
2 - 51% - 50% - 1:01
PK Defense
1 - 55% - 50% - 1:05
2 - 45% - 50% - 0:54
PK3 Forward
1 - 0% - 50%
2 - 0% - 50%
PK3 Defense
1 - 0% - 55%
2 - 0% - 45%
44 Forward
1 - 0% - 50%
2 - 0% - 50%
44 Defense
1 - 0% - 50%
2 - 0% - 50%
Last Minute Offensive  - 0:00
Last Minute Defensive  - 0:27
Total
Forward - 60:00
Defense - 60:00
Play-by-Play 1st period 0:01 of 1st period - Evgeny Kuznetsov wins face-off versus Brayden Point in neutral zone. 0:19 of 1st period - Shot by Brayden Point. 0:19 of 1st period - Stopped by Pekka Rinne without a rebound. 0:20 of 1st period - Nick Bonino wins face-off versus Auston Matthews in KELOWNA ROCKETS zone. 0:48 of 1st period - Shot by Pavel Buchnevich. 0:48 of 1st period - Shot Misses the Net. 1:30 of 1st period - Shot by Vladimir Tarasenko. 1:30 of 1st period - Stopped by Jacob Markstrom without a rebound. 1:31 of 1st period - Evgeny Kuznetsov wins face-off versus Charlie Coyle in SAN JOSE BRONCOS zone. 1:43 of 1st period - Craig Smith is hit by Kristopher Letang and loses puck. 2:00 of 1st period - Shot by Craig Smith. 2:00 of 1st period - Stopped by Pekka Rinne without a rebound. 2:01 of 1st period - Brayden Point wins face-off versus Anthony Cirelli in KELOWNA ROCKETS zone. 2:30 of 1st period - Shot by Vladimir Tarasenko. 2:30 of 1st period - Stopped by Jacob Markstrom with a rebound. 2:32 of 1st period - Shot by Anthony Cirelli. 2:32 of 1st period - Stopped by Jacob Markstrom without a rebound. 2:33 of 1st period - Evgeny Kuznetsov wins face-off versus David Kampf in SAN JOSE BRONCOS zone. 2:34 of 1st period - Shot by Tyler Bertuzzi. 2:34 of 1st period - Stopped by Jacob Markstrom without a rebound. 2:35 of 1st period - Charlie Coyle wins face-off versus Evgeny Kuznetsov in SAN JOSE BRONCOS zone. 2:39 of 1st period - Icing by Craig Smith. 2:40 of 1st period - Charlie Coyle wins face-off versus Auston Matthews in SAN JOSE BRONCOS zone. 2:55 of 1st period - Shot by Pavel Buchnevich. 2:55 of 1st period - Stopped by Jacob Markstrom without a rebound. 2:56 of 1st period - Brayden Point wins face-off versus Evgeny Kuznetsov in SAN JOSE BRONCOS zone. 3:13 of 1st period - Icing by Kristopher Letang. 3:14 of 1st period - Evgeny Kuznetsov wins face-off versus David Kampf in KELOWNA ROCKETS zone. 3:14 of 1st period - Kristopher Letang is hit by Riley Nash and loses puck. 3:20 of 1st period - Alexander Ovechkin is hit by Riley Nash and loses puck. 3:33 of 1st period - Shot by Alexander Ovechkin. 3:33 of 1st period - Stopped by Jacob Markstrom without a rebound. 3:34 of 1st period - Auston Matthews wins face-off versus Elias Lindholm in SAN JOSE BRONCOS zone. 3:39 of 1st period - Shot by Auston Matthews. 3:39 of 1st period - Stopped by Jacob Markstrom without a rebound. 3:40 of 1st period - Charlie Coyle wins face-off versus Auston Matthews in SAN JOSE BRONCOS zone. 4:52 of 1st period - Icing by Oliver Bjorkstrand. 4:53 of 1st period - Elias Lindholm wins face-off versus Evgeny Kuznetsov in SAN JOSE BRONCOS zone. 5:25 of 1st period - Shot by Evgeny Kuznetsov. 5:25 of 1st period - Shot Misses the Net. 5:27 of 1st period - Shot by Alexander Ovechkin. 5:27 of 1st period - Stopped by Jacob Markstrom without a rebound. 5:28 of 1st period - Nick Bonino wins face-off versus Anthony Cirelli in SAN JOSE BRONCOS zone. 5:30 of 1st period - Icing by Claude Giroux. 5:31 of 1st period - Nick Bonino wins face-off versus Anthony Cirelli in SAN JOSE BRONCOS zone. 6:26 of 1st period - Off-side. 6:27 of 1st period - Brayden Point wins face-off versus Evgeny Kuznetsov in neutral zone. 6:42 of 1st period - Shot by Elias Lindholm. 6:42 of 1st period - Goal by Elias Lindholm - KELOWNA ROCKETS : 0 - SAN JOSE BRONCOS : 1. 6:43 of 1st period - Auston Matthews wins face-off versus David Kampf in neutral zone. 6:50 of 1st period - Shot by Adam Pelech. 6:50 of 1st period - Stopped by Pekka Rinne without a rebound. 6:51 of 1st period - Evgeny Kuznetsov wins face-off versus Brayden Point in KELOWNA ROCKETS zone. 7:21 of 1st period - Shot by Alexander Ovechkin. 7:21 of 1st period - Stopped by Jacob Markstrom with a rebound. 7:32 of 1st period - Shot by Elias Lindholm. 7:32 of 1st period - Shot Misses the Net. 8:52 of 1st period - Icing by Dmitri Orlov. 8:53 of 1st period - Auston Matthews wins face-off versus Charlie Coyle in KELOWNA ROCKETS zone. 8:55 of 1st period - Icing by Jordan Eberle. 8:56 of 1st period - Auston Matthews wins face-off versus Charlie Coyle in KELOWNA ROCKETS zone. 9:37 of 1st period - Shot by Charlie Coyle. 9:37 of 1st period - Shot Misses the Net. 10:09 of 1st period - Shot by Ilya Kovalchuk. 10:09 of 1st period - Shot Misses the Net. 10:11 of 1st period - Shot by Ilya Kovalchuk. 10:11 of 1st period - Stopped by Jacob Markstrom without a rebound. 10:12 of 1st period - Alexander Ovechkin wins face-off versus Nick Bonino in SAN JOSE BRONCOS zone. 10:21 of 1st period - Shot by Alexander Ovechkin. 10:21 of 1st period - Stopped by Jacob Markstrom without a rebound. 10:22 of 1st period - Evgeny Kuznetsov wins face-off versus Claude Giroux in SAN JOSE BRONCOS zone. 10:49 of 1st period - Shot by Alexander Ovechkin. 10:49 of 1st period - Goal by Alexander Ovechkin - KELOWNA ROCKETS : 1 - SAN JOSE BRONCOS : 1. 10:50 of 1st period - Brayden Point wins face-off versus Anthony Cirelli in neutral zone. 10:50 of 1st period - Brayden Point is hit by Ilya Kovalchuk. 11:22 of 1st period - Shot by Oliver Bjorkstrand. 11:22 of 1st period - Stopped by Pekka Rinne without a rebound. 11:23 of 1st period - Nick Bonino wins face-off versus Evgeny Kuznetsov in KELOWNA ROCKETS zone. 11:24 of 1st period - Shot by Connor Brown. 11:24 of 1st period - Shot Blocked by Evgeny Kuznetsov. 11:24 of 1st period - Evgeny Kuznetsov from KELOWNA ROCKETS is injured at 11:24 of 1st period (Sprained Right Ankle). 11:25 of 1st period - Anthony Cirelli wins face-off versus Nick Bonino in KELOWNA ROCKETS zone. 12:06 of 1st period - Chris Tanev is hit by Alexander Ovechkin. 12:29 of 1st period - Pavel Buchnevich is hit by Connor Brown. 12:47 of 1st period - Shot by Charlie Coyle. 12:47 of 1st period - Stopped by Pekka Rinne without a rebound. 12:48 of 1st period - Brayden Point wins face-off versus Auston Matthews in KELOWNA ROCKETS zone. 12:54 of 1st period - Shot by Oliver Bjorkstrand. 12:54 of 1st period - Stopped by Pekka Rinne without a rebound. 12:55 of 1st period - Charlie Coyle wins face-off versus Anthony Cirelli in KELOWNA ROCKETS zone. 13:12 of 1st period - Shot by Charlie Coyle. 13:12 of 1st period - Stopped by Pekka Rinne without a rebound. 13:13 of 1st period - Brayden Point wins face-off versus Auston Matthews in KELOWNA ROCKETS zone. 13:28 of 1st period - Shot by Auston Matthews. 13:28 of 1st period - Shot Misses the Net. 13:38 of 1st period - Jordan Eberle is hit by Brayden Point. 13:42 of 1st period - Shot by Pavel Buchnevich. 13:42 of 1st period - Stopped by Jacob Markstrom with a rebound. 14:30 of 1st period - Marco Scandella is hit by Anthony Cirelli and loses puck. 15:18 of 1st period - Icing by Dmitri Orlov. 15:19 of 1st period - David Kampf wins face-off versus Anthony Cirelli in KELOWNA ROCKETS zone. 15:26 of 1st period - Shot by Neal Pionk. 15:26 of 1st period - Stopped by Pekka Rinne without a rebound. 15:27 of 1st period - Auston Matthews wins face-off versus Brayden Point in KELOWNA ROCKETS zone. 15:27 of 1st period - Alexander Ovechkin is hit by Elias Lindholm. 15:50 of 1st period - Minor Penalty to Chris Tanev for Tripping. 15:51 of 1st period - Auston Matthews wins face-off versus Claude Giroux in SAN JOSE BRONCOS zone. 16:18 of 1st period - Shot by Auston Matthews. 16:18 of 1st period - Shot Misses the Net. 16:20 of 1st period - Shot by Adam Fox. 16:20 of 1st period - Shot Misses the Net. 16:22 of 1st period - Shot by Adam Fox. 16:22 of 1st period - Stopped by Jacob Markstrom without a rebound. 16:23 of 1st period - Claude Giroux wins face-off versus Jordan Eberle in SAN JOSE BRONCOS zone. 16:57 of 1st period - Icing by Alexander Ovechkin. 16:58 of 1st period - Nick Bonino wins face-off versus Jordan Eberle in KELOWNA ROCKETS zone. 17:52 of 1st period - Shot by Auston Matthews. 17:52 of 1st period - Shot Misses the Net. 18:05 of 1st period - Icing by Vladimir Tarasenko. 18:06 of 1st period - Anthony Cirelli wins face-off versus David Kampf in KELOWNA ROCKETS zone. 18:32 of 1st period - Chris Tanev is hit by Ilya Kovalchuk and loses puck. 18:51 of 1st period - Shot by Jordan Eberle. 18:51 of 1st period - Goal by Jordan Eberle - KELOWNA ROCKETS : 2 - SAN JOSE BRONCOS : 1. 18:52